 Dungeon Crawl Stone Soup version 0.28-a0-998-gb9e9c7b67e (webtiles) character file.

Game seed: 1185753290879389339

489 devnull the Skirmisher (level 7, -2/61 HPs)
             Began as a Ghoul Fighter on Dec 6, 2021.
             Slain by an ogre (16 damage)
             ... on level 5 of the Dungeon.
             The game lasted 00:04:42 (3957 turns).

devnull the Skirmisher (Ghoul Fighter)              Turns: 3957, Time: 00:04:45

Health: -2/61      AC:  9    Str: 20    XL:     7   Next: 14%
Magic:  6/6        EV: 10    Int:  3    God:
Gold:   138        SH:  6    Dex: 16    Spells: 6/6 levels left

rFire   . . .      SeeInvis .   a - +0 war axe
rCold   + . .      Faith    .   c - +1 buckler
rNeg    + + +      Spirit   .   o - +4 ring mail
rPois   ∞          Reflect  .   (no helmet)
rElec   .          Harm     .   (no cloak)
rCorr   .          Rampage  .   (no gloves)
Will    .....                   (no boots)
Stlth   +.........              (no amulet)
HPRegen 0.00/turn               f - ring of flight
MPRegen 0.10/turn               l - +6 ring of dexterity

@: flying, inhibited regen
A: claws 1, cold resistance 1, negative energy resistance 3, inhibited
regeneration, torment resistance 2
a: no special abilities


You were on level 5 of the Dungeon.
You visited 1 branch of the dungeon, and saw 5 of its levels.

You collected 138 gold pieces.

Inventory:

Hand Weapons
 a - a +0 war axe (weapon)
Missiles
 h - 26 poisoned darts (quivered)
 v - 4 javelins
Armour
 c - a +1 buckler (worn)
 o - a +4 ring mail (worn)
Jewellery
 f - a ring of flight (left claw)
 l - a +6 ring of dexterity (right claw)
Wands
 b - a wand of iceblast (8)
Scrolls
 j - a scroll of enchant weapon {unknown}
 k - a scroll of fog {unknown}
 n - a scroll of teleportation {unknown}
 p - a scroll of enchant armour
 q - a scroll of noise
 r - a scroll of vulnerability {unknown}
 s - a scroll of identify {unknown}
Potions
 d - 2 potions of might
 e - a potion of degeneration {unknown}
 g - 2 potions of invisibility {unknown}
 i - a potion of resistance {unknown}
 m - a potion of flight {unknown}
 t - a potion of ambrosia {unknown}
 u - a potion of mutation {unknown}


   Skills:
 + Level 5.1 Fighting
 + Level 3.6 Axes
 + Level 4.2 Armour
 + Level 4.2 Shields


You had 6 spell levels left.
You didn't know any spells.
Your spell library was empty.

Dungeon Overview and Level Annotations

Branches:
Dungeon (5/15)
 Temple: D:4-7

Altars:
Nemelex Xobeh


Innate Abilities, Weirdness & Mutations

You thrive by killing the living.
You are immune to poison.
You have sharp fingernails.
Your flesh is cold resistant. (rC+)
You are immune to negative energy. (rN+++)
You do not regenerate when monsters are visible.
You are immune to unholy pain and torment.


Message History

You closely miss the water moccasin.
The water moccasin is moderately wounded.
You hit the scorpion but do no damage. The scorpion misses you.
The water moccasin bites you but does no damage.
The scorpion misses you.
You hit the water moccasin.
The water moccasin is heavily wounded.
You hit the scorpion. You block the water moccasin's attack.
The scorpion stings you but does no damage.
The water moccasin bites you.
You closely miss the ogre. You hit the water moccasin. You hit the scorpion.
The water moccasin bites you.
The scorpion stings you but does no damage.
You block the ogre's attack.
The water moccasin bites you but does no damage.
The scorpion stings you.
You slash the ogre!
The ogre is heavily wounded.
You hit the scorpion. You hit the water moccasin. The water moccasin bites you!
The scorpion closely misses you. The ogre misses you.
The water moccasin bites you.
You hit the ogre.
The ogre is severely wounded.
You closely miss the water moccasin. You barely miss the scorpion.
You block the scorpion's attack. The water moccasin closely misses you.
The ogre closely misses you. The scorpion stings you.
You block the water moccasin's attack.
You hit the ogre.
The ogre is almost dead.
You hit the water moccasin. You hit the scorpion but do no damage.
The water moccasin bites you. The scorpion stings you.
The ogre barely misses you.
You completely miss the ogre.
The ogre is almost dead.
You closely miss the water moccasin. You hit the scorpion.
The water moccasin bites you. You block the scorpion's attack.
The water moccasin bites you!
* * * LOW HITPOINT WARNING * * *
The ogre hits you with a +0 giant club!
You die...

. . ......#.....
. . .......... .
.. #........ .
...#.......# .
...$.......#
...........##
##.....O.<..#...
.......S@.......
##.....s.......)
#............##.
................
...#.#.#.......>
................
...#.#.#........
.#..............


You could see a water moccasin, an ogre and a scorpion.

Vanquished Creatures
  A necrophage (D:2)
  An ogre (D:4)
  Blork the orc (D:4)
  A gnoll shaman (D:4)
  Natasha (thrice) (D:4)
  An orc wizard (D:4)
  5 gnolls
  An adder (D:2)
  An ufetubus (D:4)
  An adder skeleton (D:4)
  A worm (D:3)
  4 orcs
  9 ball pythons
  4 endoplasms
  4 giant cockroaches
  6 goblins
  4 hobgoblins
  2 jackals (D:3)
  2 quokkas (D:2)
  A bat (D:1)
  3 frilled lizards
  4 kobolds (D:4)
  4 rats
64 creatures vanquished.

Notes
Turn   | Place    | Note
-------+----------+-------------------------------------------
     0 | D:1      | devnull the Ghoul Fighter began the quest for the Orb.
     0 | D:1      | Reached XP level 1. HP: 19/19 MP: 0/0
   121 | D:1      | Found a faded altar of an unknown god.
   264 | D:1      | Reached XP level 2. HP: 22/26 MP: 1/1
  1141 | D:2      | Reached XP level 3. HP: 33/33 MP: 2/2
  1171 | D:2      | Noticed a necrophage
  1179 | D:2      | Killed a necrophage
  1180 | D:2      | Reached skill level 4 in Fighting
  1180 | D:2      | Reached XP level 4. HP: 26/40 MP: 3/3
  1180 | D:2      | Reached XP level 5. HP: 30/46 MP: 4/4
  1877 | D:3      | Found a sparkling altar of Nemelex Xobeh.
  2402 | D:4      | Noticed Blork the orc
  2420 | D:4      | Killed Blork the orc
  2421 | D:4      | Reached XP level 6. HP: 26/53 MP: 5/5
  2589 | D:4      | Noticed Natasha
  2595 | D:4      | Killed Natasha
  2668 | D:5      | Entered Level 5 of the Dungeon
  3151 | D:4      | Noticed Natasha
  3155 | D:4      | Killed Natasha
  3167 | D:4      | Noticed Natasha
  3172 | D:4      | Killed Natasha
  3173 | D:4      | Reached skill level 5 in Fighting
  3351 | D:4      | Reached XP level 7. HP: 51/61 MP: 6/6
  3957 | D:5      | Slain by an ogre

Illustrated notes

Levels and vault maps discovered:
D:1:      matt_arrival_grand_opening, layout_basic,
          hellmonk_ecumenical_altar_arch_garden
D:2:      layout_loops_ring
D:3:      layout_loops_ring, nemelex_xobeh_ov_fountains_minmay
D:4:      layout_basic, chequers_serial_rivers_marsh, uniq_blork_the_orc,
          uniq_natasha
D:5:      layout_cave_pools, serial_shops, nicolae_lakefront_shop, serial_glass,
          glass_columns_c, glass_columns_a, glass_columns_c, glass_columns_a,
          glass_columns_b

Skill      XL: |  1  2  3  4  5  6 |
---------------+-------------------+-----
Axes           | 2 3 |  3.6
Armour         | 3 4 |  4.2
Shields        | 3 4 |  4.2
Fighting       | 4 5 |  5.1

Action                   |  1- 3 |  4- 6 |  7- 9 || total
-------------------------+-------+-------+-------++-------
Melee: War axe           |    72 |   109 |    28 ||   209
  Use: Scroll            |       |     2 |       ||     2
       Potion            |       |     1 |       ||     1
Armor: Scale mail        |    31 |     3 |       ||    34
       Ring mail         |       |    38 |    19 ||    57
Dodge: Dodged            |    30 |    63 |    23 ||   116
Block: Buckler           |    12 |    26 |    23 ||    61

Table legend: (Time is in decaauts)
 A = Elapsed time spent in this place.
 B = Non-inter-level travel time spent in this place.
 C = Inter-level travel time spent in this place.
 D = Time resting spent in this place.
 E = Time spent auto-exploring this place.
 F = Levels seen in this place.
 G = Mean time per level.
                   A        B        C        D        E       F      G
               +--------+--------+--------+--------+--------+-----+--------+
         Total |   4051 |   3886 |    165 |    466 |   2775 |   5 |  810.2 |
       Dungeon |   4051 |   3886 |    165 |    466 |   2775 |   5 |  810.2 |
               +--------+--------+--------+--------+--------+-----+--------+

Top non-repeatable levels by time:
     D:4: 1324 daAuts
     D:3: 932 daAuts
     D:1: 880 daAuts
     D:2: 674 daAuts
     D:5: 239 daAuts
